Map: Ghost River LE

Players

Moja

  • Race: Terran Terran
  • League: Grandmaster
  • Spawn Location: 1:00

ProtossFan (uThermal) - Winner!

  • Race: Zerg Zerg
  • League: Grandmaster
  • Spawn Location: 11:00

Event: HomeStory Cup XXV

VOD

Have the link to the VOD?

Description

Time

  • Played on: June 21, 2024, 3:05 p.m.
  • Length: 6:56

All games in this series

Show
View Real Time Build Order
Export as new Build Order

Moja Terran 

Build Orders:  

Get SALT Encoding   

  12  0:00  SCV  
  13  0:12  SCV  
  14  0:18  Supply Depot  
  14  0:24  SCV  
  15  0:40  SCV  
  15  0:41  Barracks  
  16  0:44  Refinery  
  16  0:52  SCV  
  17  0:59  Barracks  
  17  1:04  SCV  
  18  1:16  SCV  
  19  1:28  Orbital Command, Reaper  
  19  1:31  Supply Depot  
  20  1:46  Reaper  
  21  1:53  SCV  
  22  2:03  Reaper  
  22  2:05  SCV  
  24  2:10  Command Center  
  24  2:16  Refinery  
  24  2:18  SCV  
  24  2:21  Reaper  
  26  2:30  SCV  
  27  2:43  SCV  
  28  2:49  Command Center  
  28  2:55  SCV  
  29  3:05  Factory  
  29  3:06  Barracks Reactor  
  29  3:07  SCV  
  29  3:08  Barracks Tech Lab  
  31  3:20  SCV  
  31  3:21  Orbital Command  
  31  3:27  Stimpack  
  31  3:32  SCV  
  32  3:39  Engineering Bay  
  32  3:40  Engineering Bay  
  32  3:44  SCV  
  32  3:46  Marine  
  32  3:47  SCV  
  35  3:49  Marine  
  35  3:51  Marine  
  37  3:57  SCV  
  38  4:03  Orbital Command, SCV  
  38  4:06  Terran Infantry Weapons Level 1  
  39  4:10  Terran Infantry Armor Level 1  
  39  4:11  SCV  
  39  4:15  SCV  
  39  4:16  Marine x2  
  43  4:19  Marine  
  44  4:26  SCV  
  44  4:27  SCV  
  44  4:30  Factory Reactor  
  44  4:31  SCV, Starport  
  47  4:33  Marine  
  47  4:35  Marine  
  47  4:38  SCV  
  50  4:39  SCV, Marine  
  50  4:42  Supply Depot  
  50  4:43  SCV  
  53  4:50  SCV  
  53  4:51  Marine  
  55  4:53  SCV  
  55  4:55  SCV  
  55  4:56  Missile Turret  
  55  4:58  Marine x2, Missile Turret  
  59  5:02  SCV  
  59  5:05  SCV  
  61  5:07  SCV  
  61  5:09  Marine  
  61  5:11  Refinery  
  61  5:13  Refinery  
  63  5:15  SCV  
  63  5:16  Medivac  
  63  5:20  Supply Depot x2  
  66  5:22  SCV, Medivac  
  66  5:25  Supply Depot  
  67  5:41  Marine  
  70  5:48  Medivac  
  72  5:51  Cyclone  
  72  5:52  Barracks  
  72  5:54  Barracks  
  67  6:08  SCV  
  67  6:10  SCV  
  67  6:11  SCV  
  69  6:20  SCV  
  69  6:23  SCV x2, Barracks, Armory  
  69  6:24  Barracks  
  69  6:25  Barracks Tech Lab  
  72  6:32  Factory Tech Lab  
  75  6:38  SCV  
Show
View Real Time Build Order
Export as new Build Order

ProtossFan Zerg - Winner!

Build Orders: Hatch First 

Get SALT Encoding   

  12  0:00  Drone  
  13  0:09  Drone  
  14  0:14  Drone, Extractor  
  15  0:36  Hatchery  
  15  0:41  Drone, Extractor  
  15  0:47  Overlord  
  15  1:02  Spawning Pool  
  14  1:05  Drone  
  14  1:09  Drone  
  16  1:12  Drone  
  17  1:18  Drone  
  17  1:19  Extractor  
  17  1:27  Drone  
  18  1:49  Queen x2  
  18  1:50  Drone x2  
  18  1:52  Drone  
  25  1:59  Overlord  
  25  2:03  Drone  
  26  2:09  Drone  
  26  2:10  Drone  
  28  2:23  Extractor  
  28  2:24  Queen  
  28  2:27  Spore Crawler  
  28  2:33  Queen  
  31  2:38  Metabolic Boost  
  31  2:46  Drone x3  
  35  3:00  Overlord  
  35  3:03  Lair  
  35  3:05  Overlord  
  35  3:10  Extractor  
  34  3:16  Roach Warren, Overlord  
  34  3:18  Drone x2  
  34  3:19  Drone  
  36  3:24  Overlord  
  36  3:27  Drone  
  37  3:37  Overlord  
  37  3:39  Drone x3  
  40  3:46  Drone x3  
  43  4:01  Glial Reconstitution  
  43  4:02  Pneumatized Carapace  
  43  4:03  Drone x2  
  43  4:04  Drone  
  43  4:07  Drone x2  
  43  4:08  Drone, Extractor  
  48  4:14  Drone  
  48  4:16  Drone  
  50  4:17  Queen  
  51  4:30  Overlord  
  51  4:34  Roach x5  
  51  4:38  Roach  
  63  4:41  Roach  
  63  4:42  Roach  
  67  4:47  Roach  
  67  4:51  Roach x2  
  73  4:55  Queen  
  75  5:01  Roach x2  
  75  5:03  Roach  
  75  5:05  Roach  
  83  5:08  Overlord  
  83  5:11  Overlord  
  83  5:16  Overlord  
  83  5:23  Drone, Overlord  
  83  5:24  Overlord  
  84  5:29  Roach x2  
  84  5:30  Roach  
  84  5:34  Roach x2  
  86  5:37  Roach  
  86  5:40  Roach  
  86  5:42  Ravager  
  88  5:45  Roach  
  88  5:46  Roach  
  92  5:51  Roach x2  
  92  5:55  Roach  
  98  5:57  Roach  
  98  6:00  Roach  
  98  6:01  Roach  
  96  6:16  Ravager x2  
  96  6:18  Drone x2  
  100  6:19  Hatchery  
  100  6:22  Roach x3  
  105  6:32  Roach  
  101  6:43  Drone  
Tags
 
Add a new tag
Caveats
  • Supply blocks, unpowered buildings, or Contaminate may cause inaccurate times.
  • Supply counts are checked every 10 seconds.